 Dungeon Crawl Stone Soup version 0.29-a0-25-g7f48f510a0 (webtiles) character file.

Game seed: 9093903605014925279

690 robertstho the Magician (level 7, 0/49 HPs)
             Began as a Djinni Fire Elementalist on Jan 31, 2022.
             Slain by a troll (4 damage)
             ... on level 7 of the Dungeon.
             The game lasted 00:09:02 (5774 turns).

robertstho the Magician (Djinni Fire Elementalist)  Turns: 5774, Time: 00:09:02

Health: 0/49       AC:  3    Str:  7    XL:     7   Next: 95%
Gold:   103        EV: 13    Int: 25    God:
                   SH:  0    Dex: 13

rFire   + + +      SeeInvis +   d - +5 mace of Yredelemnul's Whim {drain, rF++}
rCold   x . .      Faith    .   (no shield)
rNeg    + + .      Spirit   .   a - +0 robe
rPois   ∞          Reflect  .   (no helmet)
rElec   .          Harm     .   b - +0 cloak
rCorr   +          Rampage  .   (no gloves)
Will    .....                   (boots unavailable)
Stlth   ++........              (no amulet)
HPRegen 0.16/turn               g - ring of resist corrosion
MPRegen 0.00/turn               m - ring of the Dolphin {+Blink rPois rN++ Int+6 SInv}

@: flying
A: sickness immunity, fire resistance 2, cold vulnerability 1, float, innate
caster, HP casting, extra vitality 1
a: Evoke Blink


You were on level 7 of the Dungeon.
You visited 1 branch of the dungeon, and saw 5 of its levels.

You collected 103 gold pieces.

Inventory:

Hand Weapons
 d - the +5 mace of Yredelemnul's Whim (weapon) {drain, rF++}
   (You found it on level 2 of the Dungeon)

   A truly terrible weapon, it drains the life of any living foe it strikes.
   rF:        It greatly protects you from fire.
 e - a +1 dagger
 i - a +1 arbalest of flaming
Armour
 a - a +0 robe (worn)
 b - a +0 cloak (worn)
 h - the +1 scale mail of Autotheism {rCorr}
   (You found it on level 2 of the Dungeon)

   rCorr:     It protects you from acid and corrosion.
Jewellery
 g - a ring of resist corrosion (left hand)
 m - the ring of the Dolphin (right hand) {+Blink rPois rN++ Int+6 SInv}
   (You found it on level 3 of the Dungeon)

   [ring of intelligence]

   Int:       It affects your intelligence (+6).
   rPois:     It protects you from poison.
   rN:        It greatly protects you from negative energy.
   SInv:      It lets you see invisible.
   +Blink:    It lets you blink.
Wands
 c - a wand of flame (8)
 j - a wand of charming (5)
Scrolls
 k - a scroll of fog
Potions
 f - a potion of lignification
 l - a potion of degeneration
 n - a potion of resistance {unknown}


   Skills:
 * Level 2.9 Fighting
 + Level 1.7 Maces & Flails
 + Level 3.2 Dodging
 + Level 2.4 Stealth
 * Level 5.3 Spellcasting


You couldn't memorise any spells.
You knew the following spells:

 Your Spells              Type           Power      Damage    Failure   Level
a - Foxfire               Conj/Fire      100%       2x1d9     1%          1
b - Scorch                Fire           66%        2d8       1%          2
c - Conjure Flame         Conj/Fire      33%        6-21      2%          3
d - Inner Flame           Hex/Fire       33%        N/A       2%          3
e - Flame Wave            Conj/Fire      33%        2d8       9%          4
f - Animate Skeleton      Necr           66%        N/A       1%          1
g - Ensorcelled Hibernat  Hex/Ice        66%        N/A       1%          2
h - Searing Ray           Conj           66%        2d6       1%          2
Your spell library was empty.

Dungeon Overview and Level Annotations

Branches:
Dungeon (7/15)
 Temple: D:4-7

Altars:
Ashenzari
Okawaru

Shops:
D:1 [


Innate Abilities, Weirdness & Mutations

You are immune to sickness and miasma.
You are immune to poison.
Your flesh is very heat resistant. (rF++)
You are vulnerable to cold. (rC-)
You float through the air rather than walking.
You learn spells naturally, not from books.
Your magical power is your life essence.
You have superior vitality. (+4 MHP)


Message History

Confirm with . or Enter, or press ? or * to list all spells.
Flames lash the ufetubus.
The ufetubus is lightly wounded.
The ufetubus's fire resistance burns away.
Unknown command.
Casting: Scorch (safe; 1% risk of failure)
Confirm with . or Enter, or press ? or * to list all spells.
Flames lash the ufetubus.
The ufetubus is burned terribly!
You kill the ufetubus!
Unknown command.
Casting: Scorch (safe; 1% risk of failure)
Confirm with . or Enter, or press ? or * to list all spells.
Flames lash the centaur skeleton.
The centaur skeleton is heavily damaged.
The centaur skeleton's fire resistance burns away.
The troll is engulfed in blazing flames.
The troll bites you! The troll barely misses you. The troll claws you!
* * * LOW HITPOINT WARNING * * *
The troll is engulfed in blazing flames.
The centaur skeleton is engulfed in blazing flames.
You destroy the centaur skeleton!
You are too injured to fight recklessly!
Okay, then.
Okay, then.
Aiming: Charm
Press: ? - help, Shift-Dir - straight line, f/p - troll
Aim: a troll (heavily wounded, chance to affect: 49%)
The troll resists with some effort.
The troll bites you but does no damage. The troll closely misses you.
The troll barely misses you.
Aiming: Charm
Press: ? - help, Shift-Dir - straight line, f/p - troll
Aim: a troll (heavily wounded, chance to affect: 49%)
The troll resists with some effort.
The troll closely misses you. The troll misses you.
The troll closely misses you.
Aiming: Charm
Press: ? - help, Shift-Dir - straight line, f/p - troll
Aim: a troll (heavily wounded, chance to affect: 49%)
The troll resists with some effort.
The troll closely misses you. The troll claws you.
You die...

##.######.......## ##.##.#
###..............# ####.# #
#.###..##...##§# #.# ###.#
#..###+###.# #.#
....###..###.# #.# #.#
###.......(..# #.# #.# #
#.<##..###.###.# #.#
###..##..##...##T# #.#
....)##..#.....#@# #.#
###..............# #.#
###.########.############.#
....# #..............#
##### ################


You could see a troll.

Vanquished Creatures
  Sigmund (D:4)
  A necrophage (D:7)
  A water moccasin zombie (D:7)
  A centaur zombie (D:4)
  2 centaur skeletons
  A jelly (D:4)
  Ijyb (D:4)
  A scorpion zombie (D:4)
  An orc wizard (D:3)
  A hound zombie (D:4)
  5 adders
  4 gnolls (D:3)
  An ufetubus (D:7)
  An adder zombie (D:4)
  An adder skeleton (D:4)
  2 worms
  2 dart slugs (D:1)
  5 orcs (D:3)
  4 ball pythons
  7 bats
  4 endoplasms
  3 giant cockroaches
  3 hobgoblins
  7 kobolds
  2 quokkas
  2 frilled lizards
  7 goblins
  7 rats
  A spectral goblin (D:2)
79 creatures vanquished.

Vanquished Creatures (collateral kills)
  A foxfire (D:1)
1 creature vanquished.

Vanquished Creatures (others)
  135 foxfires
135 creatures vanquished.

Grand Total: 215 creatures vanquished

Notes
Turn   | Place    | Note
-------+----------+-------------------------------------------
     0 | D:1      | robertstho the Djinni Fire Elementalist began the quest for
                  | the Orb.
     0 | D:1      | Reached XP level 1. HP: 15/15 MP: 0/0
    48 | D:1      | Found Obretuh's Armour Emporium.
   311 | D:1      | Reached XP level 2. HP: 16/21 MP: 0/0
   852 | D:1      | Reached skill level 1 in Fighting
   993 | D:1      | Reached XP level 3. HP: 26/27 MP: 0/0
   993 | D:1      | Learned a level 1 spell: Animate Skeleton
  1005 | D:1      | Reached skill level 3 in Spellcasting
  1793 | D:2      | Identified the +1 scale mail of Autotheism {rCorr}
  2230 | D:2      | Identified the +5 mace of Yredelemnul's Whim {drain, rF++}
  2247 | D:2      | Reached XP level 4. HP: 31/32 MP: 0/0
  2276 | D:2      | Found a faded altar of an unknown god.
  2573 | D:3      | Identified the ring of the Dolphin {+Blink rPois rN++ Int+6
                  | SInv}
  2877 | D:3      | Found a broken altar of Ashenzari.
  3300 | D:3      | Reached XP level 5. HP: 34/38 MP: 0/0
  3300 | D:3      | Learned a level 2 spell: Ensorcelled Hibernation
  3798 | D:3      | Reached skill level 4 in Spellcasting
  4058 | D:3      | Found an iron altar of Okawaru.
  4815 | D:4      | Reached XP level 6. HP: 16/43 MP: 0/0
  5141 | D:4      | Noticed Sigmund
  5208 | D:4      | Killed Sigmund
  5209 | D:4      | Reached skill level 1 in Maces & Flails
  5209 | D:4      | Reached XP level 7. HP: 25/49 MP: 0/0
  5209 | D:4      | Learned a level 2 spell: Searing Ray
  5234 | D:4      | Reached skill level 5 in Spellcasting
  5399 | D:4      | Noticed Ijyb
  5405 | D:4      | Killed Ijyb
  5530 | D:4      | You are sucked into a shaft and drop 3 floors!
  5732 | D:7      | Noticed a troll
  5774 | D:7      | Slain by a troll

Illustrated notes

Levels and vault maps discovered:
D:1:      minmay_arrival_four_circles, layout_basic, serial_shops,
          nicolae_shop_trees, serial_bayou, serial_bayou_crossing,
          serial_bayou_pond_a, serial_bayou_shore_b, serial_bayou_pond_d,
          columned_hall_lemuel, minmay_domino_2
D:2:      layout_loops_cross, dreamdust_ecumenical_altar_drowned_temple
D:3:      layout_basic, old_standard_altar, okawaru_altar_gauntlet_db
D:4:      layout_layer_cave, mainiacjoe_overflow_big_doors, serial_undead,
          serial_undead_e, serial_undead_c, serial_undead_c, serial_undead_a,
          uniq_natasha, uniq_ijyb, uniq_sigmund
D:7:      layout_loops_corners, kennysheep_mini, serial_shops,
          nicolae_shop_waterfront, minmay_chambers_of_fives

Skill      XL: |  1  2  3  4  5  6  7 |
---------------+----------------------+-----
Fighting       | 1 2 |  2.9
Spellcasting   | 3 4 5 |  5.3
Stealth        | 2 |  2.4
Maces & Flails | 1 |  1.7
Dodging        | 3 |  3.2

Action                   |  1- 3 |  4- 6 |  7- 9 || total
-------------------------+-------+-------+-------++-------
Melee: Unarmed           |     2 |       |       ||     2
       Mace              |     6 |    79 |       ||    85
       Dagger            |     1 |       |       ||     1
       Punch             |       |     1 |       ||     1
 Cast: Foxfire           |    77 |    10 |     3 ||    90
       Scorch            |     5 |    29 |    14 ||    48
       Ensorcelled Hiber |       |     1 |     3 ||     4
       Flame Wave        |       |     1 |       ||     1
       Conjure Flame     |       |       |     1 ||     1
Evoke: Wand              |       |       |     3 ||     3
  Use: Scroll            |     2 |     3 |       ||     5
       Potion            |       |     5 |       ||     5
 Stab: Sleeping          |       |     4 |       ||     4
Armor: Robe              |     5 |    31 |     2 ||    38
       Skin              |       |     3 |       ||     3
Dodge: Dodged            |    16 |    97 |    10 ||   123

Table legend: (Time is in decaauts)
 A = Elapsed time spent in this place.
 B = Non-inter-level travel time spent in this place.
 C = Inter-level travel time spent in this place.
 D = Time resting spent in this place.
 E = Time spent auto-exploring this place.
 F = Levels seen in this place.
 G = Mean time per level.
                   A        B        C        D        E       F      G
               +--------+--------+--------+--------+--------+-----+--------+
         Total |   5805 |   5645 |    160 |    496 |   4464 |   5 | 1161.0 |
       Dungeon |   5805 |   5645 |    160 |    496 |   4464 |   5 | 1161.0 |
               +--------+--------+--------+--------+--------+-----+--------+

Top non-repeatable levels by time:
     D:3: 1842 daAuts
     D:1: 1444 daAuts
     D:2: 1364 daAuts
     D:4: 910 daAuts
     D:7: 243 daAuts
